 Dungeon Crawl Stone Soup version 0.29-a0-872-g797fff5ad1 (webtiles) character file.

Game seed: 15339368184861915874

1037 jimonade the Covert (level 8, -3/46 HPs)
             Began as a Kobold Brigand on July 18, 2022.
             Was a Believer of Uskayaw.
             Succumbed to a scorpion's poison
             ... on level 5 of the Dungeon.
             The game lasted 00:09:41 (5800 turns).

jimonade the Covert (Kobold Brigand)                Turns: 5800, Time: 00:09:42

Health: -3/46      AC:  5    Str:  8    XL:     8   Next: 48%
Magic:  15/17      EV: 15    Int: 13    God:    Uskayaw [**....]
Gold:   281        SH:  0    Dex: 18    Spells: 7/7 levels left

rFire   . . .      SeeInvis .   h - +4 short sword
rCold   . . .      Faith    .   (no shield)
rNeg    . . .      Spirit   +   s - +0 robe
rPois   .          Reflect  .   G - +0 helmet
rElec   .          Harm     .   c - +0 cloak
rCorr   .          Rampage  .   J - +0 pair of gloves
Will    .....                   (no boots)
Stlth   ++++++....              I - amulet of guardian spirit
HPRegen 0.15/turn               n - ring of flight
MPRegen 0.15/turn               z - ring of magical power

@: lethally poisoned (-3 -> -29), flying
A: small, no large weapons, nightstalker 3
a: Renounce Religion, Stomp, Line Pass


You were on level 5 of the Dungeon.
You worshipped Uskayaw.
Uskayaw was noncommittal.
You visited 2 branches of the dungeon, and saw 6 of its levels.

You collected 281 gold pieces.

Inventory:

Hand Weapons
 a - a +2 dagger
 b - a +0 sling
 f - a +2 short sword of protection
 h - a +4 short sword (weapon)
 B - a +2 dagger of draining
Missiles
 d - 24 poisoned darts (quivered)
 e - 3 curare-tipped darts
 l - 2 boomerangs
Armour
 c - a +0 cloak (worn)
 j - a +0 leather armour
 s - a +0 robe (worn)
 G - a +0 helmet (worn)
 J - a +0 pair of gloves (worn)
Jewellery
 n - a ring of flight (left hand)
 z - a ring of magical power (right hand)
 E - a ring of wizardry
 I - an amulet of guardian spirit (around neck)
Scrolls
 k - a scroll of blinking {unknown}
 m - 4 scrolls of teleportation {unknown}
 p - 3 scrolls of immolation {unknown}
 q - a scroll of amnesia {unknown}
 r - a scroll of enchant armour {unknown}
 v - 7 scrolls of identify {unknown}
 y - a scroll of brand weapon {unknown}
 C - a scroll of fog {unknown}
 D - 3 scrolls of magic mapping {unknown}
Potions
 g - a potion of curing {unknown}
 i - 2 potions of magic {unknown}
 o - a potion of heal wounds {unknown}
 t - a potion of ambrosia {unknown}
 u - a potion of invisibility {unknown}
 w - 4 potions of degeneration {unknown}
 x - a potion of brilliance {unknown}
 A - 2 potions of attraction {unknown}
 F - 2 potions of mutation {unknown}
 H - a potion of haste {unknown}


   Skills:
 + Level 3.2 Fighting
 + Level 5.5 Short Blades
 - Level 2.1 Throwing
 + Level 2.5 Dodging
 * Level 12.4 Stealth


You had 7 spell levels left.
You didn't know any spells.
Your spell library contained the following spells:

 Spells                   Type           Power      Damage    Failure   Level
 Shock                    Conj/Air       0%         1d3       30%         1
 Summon Small Mammal      Summ           0%         N/A       30%         1
 Poisonous Vapours        Pois/Air       0%         N/A       43%         2
 Sublimation of Blood     Necr           0%         N/A       43%         2
 Call Canine Familiar     Summ           0%         N/A       67%         3
 Summon Guardian Golem    Hex/Summ       0%         N/A       67%         3
 Swiftness                Air            0%         N/A       67%         3
 Airstrike                Air            0%         0-1+      97%         4
 Animate Dead             Necr           0%         N/A       97%         4
 Corpse Rot               Necr/Pois/Air  0%         N/A       97%         4
 Hailstorm                Conj/Ice       0%         3d3       97%         4
 Iskenderun's Mystic Bla  Conj/Tloc      0%         2d3       97%         4
 Petrify                  Tmut/Erth      0%         N/A       97%         4
 Borgnjor's Vile Clutch   Necr/Erth      0%         N/A       100%        5
 Irradiate                Conj/Tmut      0%         3d11      100%        5
 Death Channel            Necr           0%         N/A       100%        6
 Dispersal                Tloc           0%         N/A       100%        6
 Starburst                Conj/Fire      0%         6d3       100%        6
 Disjunction              Tloc           0%         N/A       100%        8


Dungeon Overview and Level Annotations

Branches:
Dungeon (5/15)             Temple (1/1) D:5

Altars:
Ashenzari
Cheibriados
Elyvilon
Fedhas
Gozag
Hepliaklqana
Kikubaaqudgha
Qazlal
Ru
Sif Muna
Trog
Uskayaw
Vehumet
Xom

Shops:
D:2 *   D:5 ?

Annotations:
D:4 exclusion: statue


Innate Abilities, Weirdness & Mutations

You are small and have problems with some larger weapons.
You are completely attuned to the shadows.


Message History

The scorpion is moderately wounded.
You feel very sick. The scorpion barely misses you.
You hit the scorpion.
The scorpion is heavily wounded.
You feel very sick. The scorpion stings you.
You are lethally poisoned!
The scorpion poisons you!
You are too injured to fight recklessly!
You are too injured to fight recklessly!
You are too injured to fight recklessly!
You are too injured to fight recklessly!
You hit the scorpion.
The scorpion is severely wounded.
You feel very sick. The scorpion closely misses you.
You can now pass through a line of other dancers.
You hit the scorpion.
The scorpion is severely wounded.
* * * LOW HITPOINT WARNING * * *
You feel very sick. The scorpion closely misses you.
You hit the scorpion but do no damage.
You punch the scorpion, but do no damage.
The scorpion is severely wounded.
* * * LOW HITPOINT WARNING * * *
You feel very sick. The scorpion stings you.
* * * LOW HITPOINT WARNING * * *
You are more poisoned.
The scorpion poisons you!
You barely miss the scorpion.
The scorpion is severely wounded.
* * * LOW HITPOINT WARNING * * *
You feel very sick. The scorpion barely misses you.
You hit the scorpion.
The scorpion is almost dead.
You die...

####...... .....#.#.# # s l #
..## #######......
.#..#..###..##.. .....#....
#..#.#..##...#.# ####......
?h...)..?##..#.# #.#...> #..#
#.....# #......
#.####.######.##.######.#....
...........s@........##......
##.............#####.##.#.#.#
############### #.........
###....... ########


You could see a scorpion.

Vanquished Creatures
  Grinder (D:3)
  Eustachio (D:4)
  An ice beast (D:5)
  An ogre (D:5)
  Blork the orc (D:5)
  A kobold brigand (D:5)
  A scorpion (D:5)
  4 hounds
  A gnoll bouda (D:5)
  An iguana (D:5)
  A gnoll (D:5)
  3 adders
  3 worms
  A dart slug (D:1)
  5 orcs
  5 bats
  10 endoplasms
  5 giant cockroaches
  9 goblins
  10 hobgoblins
  16 jackals
  5 quokkas
  6 ball pythons
  8 frilled lizards
  6 kobolds
  6 rats
112 creatures vanquished.

Vanquished Creatures (others)
  2 plants (D:1)
2 creatures vanquished.

Grand Total: 114 creatures vanquished

Notes
Turn   | Place    | Note
-------+----------+-------------------------------------------
     0 | D:1      | jimonade the Kobold Brigand began the quest for the Orb.
     0 | D:1      | Reached XP level 1. HP: 12/12 MP: 1/1
    85 | D:1      | Reached XP level 2. HP: 17/17 MP: 2/2
    94 | D:1      | Reached skill level 6 in Stealth
   348 | D:1      | Found a faded altar of an unknown god.
   452 | D:1      | Reached XP level 3. HP: 21/21 MP: 3/3
   680 | D:1      | Reached skill level 7 in Stealth
  1170 | D:2      | Found Valad's General Store.
  1176 | D:2      | Reached XP level 4. HP: 26/26 MP: 4/4
  2238 | D:3      | Reached XP level 5. HP: 18/30 MP: 5/5
  2654 | D:3      | Noticed Grinder
  2660 | D:3      | Paralysed by Grinder for 3 turns
  2669 | D:3      | Killed Grinder
  2670 | D:3      | Reached skill level 9 in Stealth
  2670 | D:3      | Reached XP level 6. HP: 9/36 MP: 6/6
  2903 | D:3      | Found a snail-covered altar of Cheibriados.
  3326 | D:4      | Noticed Eustachio
  3358 | D:4      | Killed Eustachio
  3359 | D:4      | Reached skill level 10 in Stealth
  3359 | D:4      | Reached XP level 7. HP: 18/40 MP: 7/7
  3736 | D:4      | Found a white marble altar of Elyvilon.
  4146 | D:4      | Found a radiant altar of Vehumet.
  4173 | D:4      | Got Teirchess's Excursus on Outbursts
  4249 | D:5      | Entered Level 5 of the Dungeon
  4592 | D:5      | Found Jutsah's Magic Scroll Emporium.
  4672 | D:5      | Noticed Blork the orc
  4919 | D:5      | Killed Blork the orc
  4920 | D:5      | Reached skill level 5 in Short Blades
  4920 | D:5      | Reached skill level 11 in Stealth
  5013 | D:5      | Reached XP level 8. HP: 46/46 MP: 8/8
  5256 | D:5      | Reached skill level 12 in Stealth
  5442 | D:5      | Found a staircase to the Ecumenical Temple.
  5455 | Temple   | Entered the Ecumenical Temple
  5715 | Temple   | Became a worshipper of Uskayaw the Reveller
  5774 | D:5      | Reached * piety under Uskayaw
  5778 | D:5      | Reached ** piety under Uskayaw
  5799 | D:5      | HP: 2/46 [poisoned by a scorpion]
  5800 | D:5      | Succumbed to a scorpion's poison

Illustrated notes

Levels and vault maps discovered:
D:1:      dpeg_arrival_arbitrary_a, layout_basic,
          shapermc_ecumenical_altar_mp_urbaneastern, st_stairs_12,
          minmay_pentomino_r2
D:2:      layout_basic, serial_shops, shop, minmay_curled_crystal
D:3:      layout_rooms, nicolae_overflow_hidden_temple, st_stairs_1,
          uniq_grinder
D:4:      layout_basic, elyvilon_altar_5, vehumet_statue, uniq_eustachio
D:5:      lemuel_castle_with_subvaults [lemuel_castle_interior_carwin_1],
          layout_basic, minmay_temple_entry_glass, serial_rivers,
          chequers_serial_rivers_room_a, chequers_serial_rivers_large_b,
          chequers_serial_rivers_micro_c, chequers_serial_rivers_micro_c,
          chequers_serial_rivers_micro_d, serial_shops, nicolae_stop_n_shop_2,
          minmay_ruined_shrine, uniq_blork_the_orc
Temple:   minmay_temple_curvy_loop

Skill      XL: |  1  2  3  4  5  6  7  8 |
---------------+-------------------------+-----
Stealth        | 6 7 9 10 11 12 | 12.4
Short Blades   | 3 4 5 |  5.5
Dodging        | 2 |  2.5
Fighting       | 3 |  3.2
Throwing       | |  2.1

Action                   |  1- 3 |  4- 6 |  7- 9 || total
-------------------------+-------+-------+-------++-------
Melee: Short sword       |    88 |    87 |   107 ||   282
       Dagger            |     2 |       |       ||     2
       Punch             |       |       |     1 ||     1
Throw: Dart              |       |       |    11 ||    11
 Stab: Sleeping          |    18 |    25 |    19 ||    62
Armor: Robe              |    13 |    10 |    14 ||    37
Dodge: Dodged            |    47 |    33 |    46 ||   126

Table legend: (Time is in decaauts)
 A = Elapsed time spent in this place.
 B = Non-inter-level travel time spent in this place.
 C = Inter-level travel time spent in this place.
 D = Time resting spent in this place.
 E = Time spent auto-exploring this place.
 F = Levels seen in this place.
 G = Mean time per level.
                   A        B        C        D        E       F      G
               +--------+--------+--------+--------+--------+-----+--------+
         Total |   5770 |   5565 |    205 |    484 |   4032 |   6 |  961.7 |
       Dungeon |   5491 |   5323 |    168 |    484 |   3796 |   5 | 1098.2 |
        Temple |    278 |    241 |     37 |      0 |    236 |   1 |  278.0 |
               +--------+--------+--------+--------+--------+-----+--------+

Top non-repeatable levels by time:
     D:4: 1507 daAuts
     D:2: 1187 daAuts
     D:1: 987 daAuts
     D:3: 966 daAuts
     D:5: 842 daAuts
  Temple: 278 daAuts
